 Dungeon Crawl Stone Soup version 0.25.0-26-g0c896c7088 (webtiles) character file.

Game seed: 4751497101283031246

16899 Esekla the Thaumaturge (level 12, -7/92 HPs)
             Began as a Formicid Necromancer on July 3, 2020.
             Mangled by a phantasmal warrior (24 damage)
             ... led by a death knight
             ... on level 11 of the Dungeon.
             The game lasted 02:27:41 (16701 turns).

Esekla the Thaumaturge (Formicid Necromancer)      Turns: 16701, Time: 02:27:41

Health: -7/92      AC: 17    Str: 20    XL:     12   Next: 75%
Magic:  24/26      EV: 14    Int: 25    God:
Gold:   711        SH:  0    Dex: 11    Spells: 23/32 levels left

rFire    . . .     SeeInvis +   e - +1 short sword (elec)
rCold    . . .     Gourm    .   (no shield)
rNeg     . . .     Faith    .   V - +3 leather armour
rPois    .         Spirit   .   (helmet unavailable)
rElec    .         Reflect  .   y - +0 cloak
rCorr    .         Harm     .   T - +1 pair of gloves
MR       .....     Clarity  +   b - +2 pair of boots {run}
Stlth    +++.......             (no amulet)
HPRegen  0.25/turn              E - +6 ring of strength
MPRegen  0.20/turn              A - +6 ring of intelligence

@: vulnerable, quick
A: permanent stasis, dig shafts and tunnels, four strong arms, antennae 3,
iridescent scales 1, thin metallic scales 1, clarity, sense surroundings 1
a: Dig, Shaft Self


You were on level 11 of the Dungeon.
You were not hungry.

You visited 2 branches of the dungeon, and saw 13 of its levels.
You also visited: Gauntlet.

You collected 828 gold pieces.
You spent 117 gold pieces at shops.

Inventory:

Hand Weapons
 e - a +1 short sword of electrocution (weapon)
 l - a +0 long sword
 p - a +2 dagger of pain
 s - a +2 short sword of speed
 t - a +2 trident of venom
 z - a +2 dagger of freezing
 R - a +1 glaive of holy wrath
 U - a +3 quarterstaff of speed
Missiles
 q - 2 boomerangs
 r - 25 javelins
 G - 53 poisoned darts (quivered)
 K - 5 curare-tipped darts
Armour
 b - a +2 pair of boots of running (worn)
 j - a +0 troll leather armour
 y - a +0 cloak (worn)
 T - a +1 pair of gloves (worn)
 V - a +3 leather armour (worn)
 W - a +2 pair of gloves of archery
Magical Staves
 X - an uncursed staff of energy {unknown}
Jewellery
 m - an uncursed ring of wizardry
 x - an uncursed ring of positive energy
 A - a +6 ring of intelligence (right hand)
 B - the ring of Fixation {+Fly Stlth-}
   (You took it off a minotaur in a Gauntlet)

   [ring of attention]

   It lets you fly.
   It makes you less stealthy.
 E - a +6 ring of strength (left hand)
Wands
 a - a wand of random effects (46)
 w - a wand of digging (9)
 C - a wand of acid (13)
 D - a wand of enslavement (6)
 J - a wand of flame (37)
 L - a wand of disintegration (6)
 O - a wand of polymorph (6)
 Q - a wand of paralysis (7)
Scrolls
 d - 3 scrolls of fog
 f - a scroll of fear {unknown}
 g - a scroll of summoning {unknown}
 k - 9 scrolls of enchant weapon
 v - 6 scrolls of remove curse
 F - a scroll of amnesia
 M - a scroll of magic mapping {unknown}
 N - 3 scrolls of random uselessness {unknown}
 P - 2 scrolls of immolation {unknown}
Potions
 h - a potion of curing
 n - a potion of resistance
 o - 4 potions of flight
 u - 6 potions of stabbing
 H - a potion of invisibility
 I - 3 potions of might
 S - a potion of brilliance
Miscellaneous
 i - a lightning rod (4/4)
 Y - a box of beasts
Comestibles
 c - 15 rations
 Z - 2 chunks of flesh


   Skills:
 + Level 8.0 Fighting
 + Level 7.9(8.2) Short Blades
 * Level 2.9(5.8) Long Blades
 + Level 0.4 Polearms
 + Level 1.7 Throwing
 + Level 6.3 Armour
 + Level 5.2 Dodging
 + Level 5.4 Stealth
 * Level 10.9 Spellcasting
 + Level 4.1 Conjurations
 * Level 1.2 Hexes
 + Level 8.3 Necromancy


You had 23 spell levels left.
You knew the following spells:

 Your Spells              Type           Power        Failure   Level  Hunger
a - Pain                  Necr           ####         1%          1    None
d - Vampiric Draining     Necr           ######....   1%          3    None
e - Searing Ray           Conj           ####..       1%          2    None
f - Dazzling Flash        Conj/Hex       ####..       4%          3    None

Your spell library contained the following spells:

 Spells                   Type           Power        Failure   Level  Hunger
 Animate Skeleton         Necr           N/A          1%          1    None
 Magic Dart               Conj           ####         1%          1    None
 Animate Dead             Necr           N/A          1%          4    None
 Agony                    Necr           ######..     4%          5    ####...
 Confusing Touch          Hex            ###.....     9%          3    None
 Gell's Gravitas          Tloc           ##........   16%         3    None
 Fulminant Prism          Conj/Hex       ####......   17%         4    None
 Iskenderun's Mystic Bla  Conj/Tloc      ###.....     22%         4    None
 Petrify                  Tmut/Erth      ##......     45%         4    None
 Metabolic Englaciation   Hex/Ice        ###.......   73%         5    ####...
 Yara's Violent Unravell  Hex/Tmut       ###.......   73%         5    ####...


Dungeon Overview and Level Annotations

Branches:
Dungeon (12/15)            Temple (1/1) D:6            Lair (0/6) D:8
    Orc (0/2) D:11        Gauntlet (visited)

Altars:
Cheibriados
Dithmenos
Fedhas
Gozag
Hepliaklqana
Makhleb
Okawaru
Qazlal
Ru
Sif Muna
Trog
Uskayaw
Vehumet
Wu Jian
Xom
Zin
The Shining One

Shops:
D:5 }   D:6 }![   D:11 ([

Annotations:
D:5 2 transporters, sking99's ghost, novice DsMo
D:9 Gastronok


Innate Abilities, Weirdness & Mutations

You cannot be hasted, slowed, berserked, paralysed or teleported.
You can dig through walls and to a lower floor.
Your four strong arms can wield two-handed weapons with a shield.
You have a pair of large antennae on your head. (SInv)
You are partially covered in iridescent scales. (AC +2)
You are partially covered in thin metallic scales. (AC +2)
You possess an exceptional clarity of mind.
You passively map a small area around you.


Message History

The floor.
You feel better.
The phantasmal warrior closely misses you.
You see here a short sword.
The phantasmal warrior blinks!
You hit the phantasmal warrior but do no damage.
The phantasmal warrior is heavily damaged.
The phantasmal warrior barely misses you.
You barely miss the phantasmal warrior.
The phantasmal warrior is heavily damaged.
The phantasmal warrior completely misses you.
You hit the phantasmal warrior but do no damage.
The phantasmal warrior is heavily damaged.
You hit the phantasmal warrior but do no damage.
Lightning courses through the phantasmal warrior!
The phantasmal warrior is almost destroyed.
The phantasmal warrior hits you!!
* * * LOW HITPOINT WARNING * * *
You feel better. The phantasmal warrior hits you!!
You die...

.........##..#...##..........#
####..##.##..###.##........#.#
#..##.##..# #.##.....^..รท.#
#..##.##..# #.##.......####
#..##(##..# #)##.......#
#..##.##..# #.##.......#
#..##.##..# #.##.......#
#..##.#*, #.##.......# #..##.#
* #@##.......# #..##.#
#W##.......# ####..##.# ,
#.##.......##### .........#*,
#..............# ##########
#####....####### #....# ######


You could see a phantasmal warrior.

Vanquished Creatures
  A minotaur (Gauntlet)
  A death knight (D:10)
  A two-headed ogre (D:10)
  An unseen horror (D:10)
  A wizard (Gauntlet)
  A cyclops (D:12)
  An ugly thing (D:10)
  Maurice (D:8)
  A polar bear (D:11)
  A hornet (D:10)
  3 trolls
  3 slime creatures (D:7)
  Grinder (D:6)
  Prince Ribbit (D:9)
  2 hippogriffs
  2 centaur simulacra
  A shadow (D:12)
  12 yaks
  Grum (D:9)
  4 hogs (D:7)
  A human (D:7)
  Menkaure (D:5)
  A hungry ghost (D:7)
  Duvessa (D:5)
  10 orc warriors
  3 ice beasts
  3 sky beasts
  2 eyes of draining
  2 black bears
  A necrophage (D:11)
  4 ogres
  5 wolves
  A phantom (D:6)
  3 centaurs
  4 big kobolds
  Blork the orc (D:3)
  6 bullfrogs
  A gnoll sergeant (D:9)
  Dowan (D:5)
  A wyvern skeleton (D:11)
  5 scorpions
  10 killer bees
  An electric eel (D:7)
  2 howler monkeys
  A bullfrog zombie (D:6)
  6 crimson imps
  8 jellies
  2 quasits
  A wyvern simulacrum (Gauntlet)
  6 orc priests
  A bullfrog skeleton (D:5)
  A centaur skeleton (D:8)
  11 hounds
  A gnoll shaman (D:4)
  Ijyb (D:3)
  5 worker ants
  5 iguanas
  14 orc wizards
  A bullfrog simulacrum (Gauntlet)
  3 hound skeletons
  Robin (D:3)
  2 worker ant zombies
  15 gnolls
  10 adders
  5 shadow imps
  A white imp (Gauntlet)
  An ufetubus (D:11)
  3 oozes (D:7)
  3 adder zombies
  2 worms (D:2)
  2 dart slugs
  5 leopard geckos
  51 orcs
  10 giant cockroaches
  18 goblins
  11 hobgoblins
  6 jackals
  7 quokkas
  3 ball pythons
  8 bats
  6 frilled lizards
  A giant cockroach zombie (D:5)
  A jackal skeleton (D:7)
  17 kobolds
  A quokka zombie (D:7)
  8 rats
375 creatures vanquished.

Vanquished Creatures (others)
  12 demonic plants (Gauntlet)
  8 fungi
  11 plants (Gauntlet)
  8 toadstools (D:7)
39 creatures vanquished.

Grand Total: 414 creatures vanquished

Notes
Turn   | Place    | Note
-------+----------+-------------------------------------------
     0 | D:1      | Esekla the Formicid Necromancer began the quest for the
                  | Orb.
     0 | D:1      | Reached XP level 1. HP: 13/13 MP: 3/3
   249 | D:3      | Found an opulent altar of Gozag.
   520 | D:1      | Reached XP level 2. HP: 18/19 MP: 3/5
   735 | D:1      | Reached XP level 3. HP: 23/24 MP: 4/6
   740 | D:1      | Learned a level 3 spell: Vampiric Draining
  1525 | D:2      | Reached skill level 1 in Fighting
  1525 | D:2      | Reached XP level 4. HP: 29/32 MP: 6/8
  1773 | D:2      | Found a sacrificial altar of Ru.
  1836 | D:2      | Reached skill level 1 in Short Blades
  2444 | D:2      | Reached XP level 5. HP: 36/37 MP: 9/9
  2554 | D:3      | Reached skill level 3 in Spellcasting
  2602 | D:4      | Noticed Blork the orc
  2609 | D:3      | Killed Blork the orc
  2646 | D:4      | Reached XP level 6. HP: 37/44 MP: 9/11
  2991 | D:4      | Reached skill level 5 in Necromancy
  2991 | D:4      | Reached XP level 7. HP: 29/51 MP: 2/12
  3568 | D:3      | Noticed Ijyb
  3637 | D:3      | Killed Ijyb
  3735 | D:3      | Noticed Robin
  3791 | D:3      | Killed Robin
  3794 | D:3      | Reached skill level 4 in Spellcasting
  3877 | D:3      | Reached skill level 1 in Armour
  3913 | D:3      | You fall into a shaft and drop 1 floor!
  5045 | D:5      | Entered Level 5 of the Dungeon
  5076 | D:5      | Noticed Duvessa
  5079 | D:5      | Noticed Dowan
  5212 | D:5      | Reached XP level 8. HP: 49/58 MP: 14/14
  5297 | D:5      | Killed Duvessa
  5300 | D:5      | Killed Dowan
  5358 | D:5      | Noticed Menkaure
  5366 | D:5      | Killed Menkaure
  5837 | D:6      | Found Umoexkex's Distillery.
  5842 | D:6      | Bought a potion of curing for 39 gold pieces
  5842 | D:6      | Bought a potion of heal wounds for 65 gold pieces
  5842 | D:6      | Bought a potion of degeneration for 13 gold pieces
  5878 | D:6      | Reached skill level 5 in Short Blades
  5878 | D:6      | Reached skill level 5 in Spellcasting
  5878 | D:6      | Reached XP level 9. HP: 66/66 MP: 13/16
  5999 | D:6      | Found a glowing golden altar of the Shining One.
  6058 | D:6      | Noticed Grinder
  6157 | D:5      | Found a transporter.
  6157 | D:5      | Noticed sking99's ghost (novice DsMo)
  6167 | D:5      | Found a transporter.
  6308 | D:5      | Found Kemui's Gadget Shop.
  6885 | D:7      | Found a radiant altar of Vehumet.
  7043 | D:6      | Found Datomei's Gadget Boutique.
  7256 | D:7      | Reached skill level 6 in Spellcasting
  7554 | D:7      | Reached skill level 5 in Fighting
  7607 | D:7      | Found a hide-covered altar of Uskayaw.
  7851 | D:7      | Reached XP level 10. HP: 69/74 MP: 19/19
  8009 | D:7      | You fall into a shaft and drop 1 floor!
  8012 | D:8      | You fall into a shaft and drop 1 floor!
  8030 | D:9      | You fall into a shaft and drop 1 floor!
  8030 | D:10     | Entered Level 10 of the Dungeon
  8054 | D:9      | Reached skill level 5 in Armour
  8198 | D:9      | Found a shadowy altar of Dithmenos.
  8509 | D:9      | Reached skill level 7 in Spellcasting
  9761 | D:7      | Learned a level 2 spell: Searing Ray
  9887 | D:6      | Found a staircase to the Ecumenical Temple.
  9918 | Temple   | Entered the Ecumenical Temple
  9959 | Temple   | Gained mutation: You possess an exceptional clarity of
                  | mind. [potion of mutation]
  9959 | Temple   | Gained mutation: You are partially covered in iridescent
                  | scales. (AC +2) [potion of mutation]
  9959 | Temple   | Gained mutation: You are partially covered in thin metallic
                  | scales. (AC +2) [potion of mutation]
  9959 | Temple   | Gained mutation: You passively map a small area around you.
                  | [potion of mutation]
 10019 | D:6      | Found Teok's Armour Shop.
 10082 | D:6      | Found a shimmering altar of Xom.
 10320 | D:6      | Killed Grinder
 10637 | D:7      | Reached XP level 11. HP: 74/83 MP: 10/22
 10755 | D:8      | Noticed Maurice
 10776 | D:8      | Killed Maurice
 10776 | D:8      | Reached skill level 8 in Spellcasting
 10957 | D:8      | Found a bloodstained altar of Trog.
 10982 | D:8      | Found an ornate altar of the Wu Jian Council.
 10998 | D:8      | Reached skill level 1 in Conjurations
 11309 | D:8      | Reached skill level 5 in Stealth
 11426 | D:8      | Found a staircase to the Lair.
 11482 | D:8      | You fall into a shaft and drop 1 floor!
 11691 | D:9      | Found a sacrificial altar of Ru.
 11739 | D:9      | Found a shimmering blue altar of Sif Muna.
 11784 | D:9      | Noticed Grum
 11819 | D:9      | Killed Grum
 12342 | D:9      | Noticed Gastronok
 12558 | D:9      | Noticed Prince Ribbit
 12571 | D:9      | Killed Prince Ribbit
 12676 | D:10     | Noticed a brown ugly thing
 12680 | D:10     | Noticed a two-headed ogre
 12697 | D:10     | Killed a brown ugly thing
 12808 | D:10     | Reached skill level 9 in Spellcasting
 13023 | D:10     | Noticed an unseen horror
 13196 | D:10     | Found a snail-covered altar of Cheibriados.
 13715 | D:10     | Killed an unseen horror
 13755 | D:10     | Killed a two-headed ogre
 13755 | D:10     | Reached skill level 1 in Throwing
 13755 | D:10     | Reached skill level 5 in Dodging
 13755 | D:10     | Reached XP level 12. HP: 36/92 MP: 12/25
 14025 | D:11     | Noticed a death knight
 14124 | D:11     | Found Vepug's Weapon Emporium.
 14124 | D:11     | Found a staircase to the Orcish Mines.
 14124 | D:11     | Found Lurihyo's Armour Emporium.
 14386 | D:10     | Reached skill level 10 in Spellcasting
 14876 | D:11     | Found a shadowy altar of Dithmenos.
 14995 | D:11     | Noticed a six-headed hydra
 15064 | D:11     | Reached skill level 1 in Long Blades
 15208 | D:10     | Killed a death knight
 15377 | D:11     | You fall into a shaft and drop 1 floor!
 15530 | D:12     | Found a gate leading to a gauntlet.
 15566 | Gauntlet | Entered a Gauntlet
 15566 | Gauntlet | Found a large runed translucent door.
 15566 | Gauntlet | Found a large runed translucent door.
 15566 | Gauntlet | Found a large runed translucent door.
 15566 | Gauntlet | Found a large runed translucent door.
 15566 | Gauntlet | Found a large runed translucent door.
 15566 | Gauntlet | Found a large runed translucent door.
 15566 | Gauntlet | Found a runed translucent door.
 15566 | Gauntlet | Found a transporter.
 15566 | Gauntlet | Found a transporter.
 15566 | Gauntlet | Found a runed translucent door.
 15566 | Gauntlet | Found a large runed translucent door.
 15566 | Gauntlet | Found a large runed translucent door.
 15566 | Gauntlet | Found a large runed translucent door.
 15566 | Gauntlet | Found a large runed translucent door.
 15566 | Gauntlet | Found a large runed translucent door.
 15566 | Gauntlet | Found a large runed translucent door.
 15568 | Gauntlet | Found a large runed translucent door.
 15568 | Gauntlet | Found a large runed translucent door.
 15569 | Gauntlet | Found a runed translucent gate.
 15569 | Gauntlet | Found a runed translucent gate.
 15569 | Gauntlet | Found a runed translucent gate.
 15571 | Gauntlet | Found a transporter.
 15581 | Gauntlet | Found a large runed translucent door.
 15582 | Gauntlet | Found a large runed translucent door.
 15586 | Gauntlet | Found a transporter.
 15600 | Gauntlet | Noticed a wizard
 15601 | Gauntlet | Found a transporter.
 15614 | Gauntlet | Found a transporter.
 15632 | Gauntlet | Found a transporter.
 15633 | Gauntlet | Noticed a cacodemon
 15709 | Gauntlet | Found a transporter.
 15709 | Gauntlet | Found a transporter.
 15723 | Gauntlet | Found a transporter.
 15732 | Gauntlet | Found a transporter.
 15733 | Gauntlet | Noticed a blizzard demon
 15755 | Gauntlet | Found a transporter.
 15782 | Gauntlet | Found a transporter.
 15828 | Gauntlet | Found a transporter.
 15842 | Gauntlet | Noticed a death scarab
 15844 | Gauntlet | Found a transporter.
 15858 | Gauntlet | Found a transporter.
 15971 | Gauntlet | Learned a level 3 spell: Dazzling Flash
 16017 | Gauntlet | Identified a +0 pair of boots of running (You found it in a
                  | Gauntlet)
 16219 | Gauntlet | Killed a wizard
 16597 | Gauntlet | Identified the ring of Fixation {+Fly Stlth-}
 16597 | Gauntlet | Noticed a minotaur
 16607 | Gauntlet | Killed a minotaur
 16607 | Gauntlet | Reached skill level 1 in Hexes
 16701 | D:11     | Mangled by a phantasmal warrior

Illustrated notes

Levels and vault maps discovered:
D:1:      ebering_hopf_link, layout_loops_ring, chequers_mini_garden,
          st_stairs_13
D:2:      minmay_diamond_boxcup, layout_loops_ring,
          nicolae_ru_the_path_less_chosen
D:3:      layout_basic, overflow_temple_1_default, uniq_robin, uniq_ijyb
D:4:      layout_loops_corners, uniq_blork_the_orc
D:5:      layout_loops_ring, gammafunk_ghost_smash, first_ration, serial_shops,
          nicolae_shop_window_shopping, abandoned_shop,
          ebering_dispersal_statue_hall, uniq_menkaure, uniq_duvessa
D:6:      layout_basic, tgw_xom, nicolae_tso_swordbearing_angel,
          minmay_temple_entry_statues_fountains, serial_shops,
          kennysheep_mini_moat, kennysheep_little_box, shop,
          chequers_decorated_corner, uniq_grinder
D:7:      cheibrodos_fertilizer, layout_loops_ring, marbit_many_paths,
          lemuel_doored_altar, grunt_livestock, minivault_14
D:8:      layout_rooms, old_standard_altar, lemuel_crystal_altar,
          erik_lair_island, uniq_maurice
D:9:      layout_roguey, lemuel_coloured_pillars_altar,
          nicolae_overflow_hidden_temple,
          nicolae_dithmenos_through_a_glass_darkly, uniq_prince_ribbit1,
          uniq_gastronok, uniq_grum
D:10:     layout_basic, hex_medium, cheibriados_altar_1
D:11:     layout_long_grid, orc_david_3, serial_shops, shop, basic_altar,
          serial_ice, serial_ice_d, serial_ice_k, serial_ice_o, serial_ice_g,
          serial_ice_n, serial_ice_e, serial_ice_b, serial_ice_f, serial_ice_h,
          serial_ice_c
D:12:     layout_basic, gauntlet_entry_generic, hangedman_misty_isle,
          uniq_nessos
Temple:   dshaligram_water_room_temple

Skill      XL: |  1  2  3  4  5  6  7  8  9 10 11 12 |
---------------+-------------------------------------+-----
Dodging        | 2 3 4 5 |  5.2
Fighting       | 1 2 3 4 5 6 7 8 |  8.0
Short Blades   | 1 2 4 5 6 7 |  7.9
Spellcasting   | 3 4 5 6 7 9 10 | 10.9
Stealth        | 3 4 5 |  5.4
Necromancy     | 5 6 7 8 |  8.3
Armour         | 1 3 4 6 |  6.3
Conjurations   | 3 4 |  4.1
Throwing       | 1 |  1.7
Long Blades    | 2 |  2.9
Hexes          | 1 |  1.2
Polearms       | |  0.4

Action                   |  1- 3 |  4- 6 |  7- 9 | 10-12 || total
-------------------------+-------+-------+-------+-------++-------
Melee: Short sword       |    78 |    79 |   426 |   755 ||  1338
       Dagger            |     3 |       |       |       ||     3
       Trident           |       |       |       |    17 ||    17
Throw: Dart              |       |       |       |    34 ||    34
 Cast: Pain              |     9 |       |     1 |       ||    10
       Vampiric Draining |     2 |     8 |    30 |   126 ||   166
       Searing Ray       |       |       |       |     9 ||     9
 Abil: Shaft Self        |       |       |       |     5 ||     5
  Use: Scroll            |       |       |       |    20 ||    20
       Potion            |       |       |       |    11 ||    11
 Stab: Sleeping          |     3 |     2 |     7 |     8 ||    20
       Confused          |       |       |       |     1 ||     1
  Eat: Chunk             |     2 |     4 |    17 |    24 ||    47
       Ration            |       |       |     1 |     2 ||     3
Armor: Robe              |    20 |    14 |     7 |       ||    41
       Leather armour    |       |       |   142 |   262 ||   404
Dodge: Dodged            |    45 |    51 |   221 |   502 ||   819
       Rpst.: Long sword |       |       |       |     1 ||     1
